3A
HOGSMEADE CAULDRONS @ HARRISBURG HARRIERS
07/26/2021
 
TOP OF THE 1ST
Hogsmeade Cauldrons batting - Pitching for Harrisburg Harriers : LHP David Sherratt
Pitching: LHP David Sherratt
Batting: SHB Emílio Gonzáles 0-0: Called Strike
0-1: SINGLE (Line Drive, 9LS)
Batting: RHB Héctor Cantú 0-0: Called Strike
0-1: SINGLE (Line Drive, 8LS)
Emílio Gonzáles to second
Batting: SHB Fernando Sánchez 0-0: Called Strike
0-1: Ball
1-1: Fly out, F6 (Popup, 7S)
Batting: RHB Raúl Reyna 0-0: Fly out, F8 (Flyball, 8LM)
Batting: RHB Ernesto Souza 0-0: Ball
1-0: Called Strike
1-1: Fly out, F9 (Flyball, 9S)
Top of the 1st over - 0 run(s), 2 hit(s), 0 error(s), 2 left on base; Hogsmeade 0 - Harrisburg 0
BOTTOM OF THE 1ST
Harrisburg Harriers batting - Pitching for Hogsmeade Cauldrons : RHP Juan Cantú
Pitching: RHP Juan Cantú
Batting: LHB José Cordero 0-0: Ball
1-0: Swinging Strike
1-1: SINGLE (Line Drive, 78M)
Batting: LHB Salvador Avilés 0-0: Foul Ball, location: 2F
0-1: Ball
1-1: Ball
2-1: Grounds into double play, U4-3 (Groundball, 4)
Batting: RHB Patrizio Vanali 0-0: Ball
1-0: Ball
2-0: Called Strike
2-1: SINGLE (Groundball, 56D) (infield hit)
Batting: LHB Héctor Torres 0-0: Swinging Strike
0-1: Ball
1-1: SINGLE (Groundball, 56D)
Patrizio Vanali to second
Batting: RHB Mike Greene 0-0: Ball
1-0: Ground out 6-3 (Groundball, 6)
Bottom of the 1st over - 0 run(s), 3 hit(s), 0 error(s), 2 left on base; Hogsmeade 0 - Harrisburg 0
TOP OF THE 2ND
Hogsmeade Cauldrons batting - Pitching for Harrisburg Harriers : LHP David Sherratt
Batting: RHB Reynaldo Pérez 0-0: Fly out, F4 (Popup, 4)
Batting: RHB Miguel Torres 0-0: Called Strike
0-1: Ball
1-1: Ball
2-1: Foul Ball, location: 2F
2-2: Ball
3-2: Foul Ball, location: 2F
3-2: Foul Ball, location: 2F
3-2: Foul Ball, location: 2F
3-2: Strikes out looking
Batting: LHB Jim Unknown 0-0: Foul Ball, location: 2F
0-1: Foul Ball, location: 2F
0-2: Ball
1-2: Strikes out swinging
Top of the 2nd over - 0 run(s), 0 hit(s), 0 error(s), 0 left on base; Hogsmeade 0 - Harrisburg 0
BOTTOM OF THE 2ND
Harrisburg Harriers batting - Pitching for Hogsmeade Cauldrons : RHP Juan Cantú
Batting: RHB Jorge Figueroa 0-0: Foul Ball, location: 2F
0-1: Foul Ball, location: 2F
0-2: Ball
1-2: SINGLE (Groundball, 6)
Batting: RHB Jim Scott 0-0: Called Strike
0-1: Ball
1-1: Ball
2-1: Foul Ball, location: 2F
2-2: Ball
3-2: Fielders Choice at 2nd, 3-6 (Groundball, 3)
Batting: RHB Henrique Shearman 0-0: Foul Ball, location: 2F
0-1: Ball
1-1: Called Strike
1-2: Strikes out looking
Batting: RHB Roberto Escues 0-0: Ball
1-0: Swinging Strike
1-1: Swinging Strike
1-2: Ball
2-2: Strikes out swinging
Bottom of the 2nd over - 0 run(s), 1 hit(s), 0 error(s), 1 left on base; Hogsmeade 0 - Harrisburg 0
TOP OF THE 3RD
Hogsmeade Cauldrons batting - Pitching for Harrisburg Harriers : LHP David Sherratt
Batting: SHB Arturo Romero 0-0: SINGLE (Line Drive, 4M)
Batting: SHB Emílio Gonzáles 0-0: Ball
1-0: Foul Ball, location: 2F
1-1: Ball
2-1: Fly out, F3 (Popup, 34)
Batting: RHB Héctor Cantú 0-0: 2-RUN HOME RUN (Flyball, 8RXD), Distance : 422 ft
Batting: SHB Fernando Sánchez 0-0: Ball
1-0: Swinging Strike
1-1: Ball
2-1: SINGLE (Line Drive, 7LS)
Batting: RHB Raúl Reyna 0-0: Hit by Pitch
Fernando Sánchez to second
Batting: RHB Ernesto Souza 0-0: Ball
1-0: Ball
Wild Pitch!
Fernando Sánchez to third
Raúl Reyna to second
2-0: Ball
3-0: Called Strike
3-1: Base on Balls
Batting: RHB Reynaldo Pérez 0-0: Ball
1-0: Called Strike
1-1: SINGLE (Flyball, 7LS)
Fernando Sánchez scores
Raúl Reyna to third
Ernesto Souza to second
Runner from 3rd tries for Home, SAFE, throw made at trailing runner, SAFE at third!
Batting: RHB Miguel Torres 0-0: Called Strike
0-1: Foul Ball, location: 2F
0-2: Strikes out looking
Batting: LHB Jim Unknown 0-0: Fly out, F8 (Flyball, 8LD)
Top of the 3rd over - 4 run(s), 4 hit(s), 0 error(s), 2 left on base; Hogsmeade 4 - Harrisburg 0
BOTTOM OF THE 3RD
Harrisburg Harriers batting - Pitching for Hogsmeade Cauldrons : RHP Juan Cantú
Batting: LHB José Cordero 0-0: Ball
1-0: Ball
2-0: Foul Ball, location: 2F
2-1: Ball
3-1: Ground out 3-1 (Groundball, 34)
Batting: LHB Salvador Avilés 0-0: Swinging Strike
0-1: SINGLE (Line Drive, 8RS)
Batting: RHB Patrizio Vanali 0-0: Ball
1-0: Ball
2-0: SINGLE (Groundball, 6D)
Salvador Avilés to second
Batting: LHB Héctor Torres 0-0: Ball
1-0: Swinging Strike
1-1: Swinging Strike
1-2: Strikes out looking
Batting: RHB Mike Greene 0-0: Ground out 1-3 (Groundball, 15)
Bottom of the 3rd over - 0 run(s), 2 hit(s), 0 error(s), 2 left on base; Hogsmeade 4 - Harrisburg 0
TOP OF THE 4TH
Hogsmeade Cauldrons batting - Pitching for Harrisburg Harriers : LHP David Sherratt
Batting: SHB Arturo Romero 0-0: Ball
1-0: Called Strike
1-1: Swinging Strike
1-2: Foul Ball, location: 2F
1-2: Ball
2-2: Strikes out swinging
Batting: SHB Emílio Gonzáles 0-0: Called Strike
0-1: Fly out, F9 (Flyball, 9LM)
Batting: RHB Héctor Cantú 0-0: SINGLE (Line Drive, 34)
Batting: SHB Fernando Sánchez 0-0: Called Strike
0-1: Ground out 5-3 (Groundball, 5)
Top of the 4th over - 0 run(s), 1 hit(s), 0 error(s), 1 left on base; Hogsmeade 4 - Harrisburg 0
BOTTOM OF THE 4TH
Harrisburg Harriers batting - Pitching for Hogsmeade Cauldrons : RHP Juan Cantú
Batting: RHB Jorge Figueroa 0-0: Ball
1-0: Ball
2-0: Foul Ball, location: 2F
2-1: Called Strike
2-2: Ball
3-2: Foul Ball, location: 2F
3-2: Foul Ball, location: 2F
3-2: Fly out, F8 (Flyball, 8RM)
Batting: RHB Jim Scott 0-0: Foul Ball, location: 2F
0-1: SINGLE (Line Drive, 89M)
Batting: RHB Henrique Shearman 0-0: Foul Ball, location: 2F
0-1: Ball
1-1: Called Strike
1-2: Strikes out swinging
Batting: RHB Roberto Escues 0-0: Called Strike
0-1: Fly out, F8 (Flyball, 8RM)
Bottom of the 4th over - 0 run(s), 1 hit(s), 0 error(s), 1 left on base; Hogsmeade 4 - Harrisburg 0
TOP OF THE 5TH
Hogsmeade Cauldrons batting - Pitching for Harrisburg Harriers : LHP David Sherratt
Batting: RHB Raúl Reyna 0-0: Called Strike
0-1: Ball
1-1: Swinging Strike
1-2: Foul Ball, location: 2F
1-2: Foul Ball, location: 2F
1-2: Ball
2-2: Strikes out swinging
Batting: RHB Ernesto Souza 0-0: Swinging Strike
0-1: Ball
1-1: SINGLE (Groundball, 6MD)
Batting: RHB Reynaldo Pérez 0-0: Ball
1-0: Ball
2-0: Called Strike
2-1: Ball
3-1: Base on Balls
Ernesto Souza to second
Batting: RHB Miguel Torres 0-0: Ball
1-0: Swinging Strike
1-1: Grounds into double play, 6-4-3 (Groundball, 6)
Top of the 5th over - 0 run(s), 1 hit(s), 0 error(s), 1 left on base; Hogsmeade 4 - Harrisburg 0
BOTTOM OF THE 5TH
Harrisburg Harriers batting - Pitching for Hogsmeade Cauldrons : RHP Juan Cantú
Batting: LHB José Cordero 0-0: SINGLE (Flyball, 8LS)
Batting: LHB Salvador Avilés 0-0: Ball
1-0: Ball
2-0: Called Strike
2-1: Called Strike
2-2: Ball
3-2: Ground out 4-3 (Groundball, 4M)
José Cordero to second
Batting: RHB Patrizio Vanali 0-0: Ball
1-0: DOUBLE (Flyball, 89D)
José Cordero scores
Batting: LHB Héctor Torres 0-0: DOUBLE (Line Drive, 9D)
Patrizio Vanali scores
Batting: RHB Mike Greene 0-0: Ball
1-0: Called Strike
1-1: Ground out 5-3 (Groundball, 56)
Batting: RHB Jorge Figueroa 0-0: Ball
1-0: Ball
2-0: Called Strike
2-1: Ball
3-1: Fly out, F3 (Popup, 3SF)
Bottom of the 5th over - 2 run(s), 3 hit(s), 0 error(s), 1 left on base; Hogsmeade 4 - Harrisburg 2
TOP OF THE 6TH
Hogsmeade Cauldrons batting - Pitching for Harrisburg Harriers : LHP David Sherratt
Batting: LHB Jim Unknown 0-0: Foul Ball, location: 2F
0-1: Ball
1-1: SINGLE (Line Drive, 6MD)
Batting: SHB Arturo Romero 0-0: Grounds into double play, 5-4-3 (Groundball, 56)
Batting: SHB Emílio Gonzáles 0-0: Fly out, F6 (Popup, 6M)
Top of the 6th over - 0 run(s), 1 hit(s), 0 error(s), 0 left on base; Hogsmeade 4 - Harrisburg 2
BOTTOM OF THE 6TH
Harrisburg Harriers batting - Pitching for Hogsmeade Cauldrons : RHP Juan Cantú
Batting: RHB Jim Scott 0-0: Called Strike
0-1: Foul Ball, location: 2F
0-2: Ball
1-2: Ball
2-2: SINGLE (Line Drive, 7S)
Batting: RHB Henrique Shearman 0-0: Ball
1-0: SINGLE (Groundball, 5D)
Jim Scott to second
Batting: RHB Roberto Escues 0-0: Sac Bunt - play at first, batter safe!
Jim Scott to third
Henrique Shearman to second
Batting: LHB José Cordero 0-0: Hit by Pitch
Jim Scott scores
Henrique Shearman to third
Roberto Escues to second
Batting: LHB Salvador Avilés 0-0: Called Strike
0-1: Ball
1-1: Foul Ball, location: 2F
1-2: Ball
2-2: Strikes out swinging
Pitching: RHP George Armstrong
Batting: RHB Patrizio Vanali 0-0: Ball
1-0: Called Strike
1-1: Foul Ball, location: 2F
1-2: Foul Ball, location: 2F
1-2: Ball
2-2: Foul Ball, location: 2F
2-2: Foul Ball, location: 2F
2-2: Fly out, F9 (Flyball, 89D)
Runner from 3rd tags up, SCORES, no throw
Batting: LHB Héctor Torres 0-0: Called Strike
0-1: Ball
1-1: Called Strike
1-2: Ball
2-2: Ball
3-2: Strikes out swinging
Bottom of the 6th over - 2 run(s), 3 hit(s), 0 error(s), 2 left on base; Hogsmeade 4 - Harrisburg 4
TOP OF THE 7TH
Hogsmeade Cauldrons batting - Pitching for Harrisburg Harriers : LHP David Sherratt
Batting: RHB Héctor Cantú 0-0: Ball
1-0: Swinging Strike
1-1: Swinging Strike
1-2: Ball
2-2: DOUBLE (Flyball, 78XD)
Pinch Hitting: RHB Jim Unknown 0-0: Intentional Walk
Batting: RHB Raúl Reyna 0-0: Called Strike
0-1: Swinging Strike
0-2: Ball
1-2: Foul Ball, location: 2F
1-2: DOUBLE (Line Drive, 5D)
Héctor Cantú scores
Jim Unknown to third
Batting: RHB Ernesto Souza 0-0: Intentional Walk
Batting: RHB Reynaldo Pérez 0-0: Ball
1-0: Swinging Strike
1-1: Swinging Strike
1-2: Foul Ball, location: 2F
1-2: Strikes out looking
Batting: RHB Miguel Torres 0-0: Ball
1-0: Fly out, F8 (Flyball, 8RM)
Runner from 3rd tags up, SCORES, no throw
Pitching: LHP Phil Miles
Batting: LHB Jim Unknown 0-0: Called Strike
0-1: Foul Ball, location: 2F
0-2: Ball
Wild Pitch!
Raúl Reyna to third
Ernesto Souza to second
1-2: Ground out U3 (Groundball, 3)
Top of the 7th over - 2 run(s), 2 hit(s), 0 error(s), 2 left on base; Hogsmeade 6 - Harrisburg 4
BOTTOM OF THE 7TH
Harrisburg Harriers batting - Pitching for Hogsmeade Cauldrons : RHP George Armstrong
Now at SS: Jim Unknown
Batting: RHB Mike Greene 0-0: Ground out 4-3 (Groundball, 4M)
Batting: RHB Jorge Figueroa 0-0: Ball
1-0: Ground out 6-3 (Groundball, 6)
Batting: RHB Jim Scott 0-0: Ball
1-0: Called Strike
1-1: Swinging Strike
1-2: Ball
2-2: Strikes out swinging
Bottom of the 7th over - 0 run(s), 0 hit(s), 0 error(s), 0 left on base; Hogsmeade 6 - Harrisburg 4
TOP OF THE 8TH
Hogsmeade Cauldrons batting - Pitching for Harrisburg Harriers : LHP Phil Miles
Batting: SHB Arturo Romero 0-0: Fly out, F8 (Flyball, 78M)
Batting: SHB Emílio Gonzáles 0-0: Called Strike
0-1: Ball
1-1: Swinging Strike
1-2: Ball
2-2: Foul Ball, location: 2F
2-2: Ball
3-2: Foul Ball, location: 2F
3-2: Foul Ball, location: 2F
3-2: Foul Ball, location: 2F
3-2: Fly out, F9 (Flyball, 9S)
Batting: RHB Héctor Cantú 0-0: Called Strike
0-1: Foul Ball, location: 2F
0-2: Foul Ball, location: 2F
0-2: Ball
1-2: Fly out, F6 (Popup, 13)
Top of the 8th over - 0 run(s), 0 hit(s), 0 error(s), 0 left on base; Hogsmeade 6 - Harrisburg 4
BOTTOM OF THE 8TH
Harrisburg Harriers batting - Pitching for Hogsmeade Cauldrons : RHP George Armstrong
Batting: RHB Henrique Shearman 0-0: Fly out, F8 (Flyball, 8RXD)
Batting: RHB Roberto Escues 0-0: Fly out, F7 (Line Drive, 78S)
Batting: LHB José Cordero 0-0: Ball
1-0: Foul Ball, location: 2F
1-1: Foul Ball, location: 2F
1-2: Ground out U3 (Groundball, 3)
Bottom of the 8th over - 0 run(s), 0 hit(s), 0 error(s), 0 left on base; Hogsmeade 6 - Harrisburg 4
TOP OF THE 9TH
Hogsmeade Cauldrons batting - Pitching for Harrisburg Harriers : LHP Phil Miles
Pitching: RHP Jim Unknown
Batting: RHB Jim Unknown 0-0: Called Strike
0-1: Swinging Strike
0-2: Ball
1-2: Ball
2-2: Foul Ball, location: 2F
2-2: Strikes out swinging
Batting: RHB Raúl Reyna 0-0: Foul Ball, location: 2F
0-1: Called Strike
0-2: Ball
1-2: Ball
2-2: Strikes out swinging
Batting: RHB Ernesto Souza 0-0: Ball
1-0: Foul Ball, location: 2F
1-1: Ball
2-1: Ground out 6-3 (Groundball, 6M)
Top of the 9th over - 0 run(s), 0 hit(s), 0 error(s), 0 left on base; Hogsmeade 6 - Harrisburg 4
BOTTOM OF THE 9TH
Harrisburg Harriers batting - Pitching for Hogsmeade Cauldrons : RHP George Armstrong
Pitching: RHP Jim Unknown
Batting: LHB Salvador Avilés 0-0: Foul Ball, location: 2F
0-1: Swinging Strike
0-2: Ball
1-2: Foul Ball, location: 2F
1-2: Foul Ball, location: 2F
1-2: SINGLE (Flyball, 9S)
Batting: RHB Patrizio Vanali 0-0: Ball
1-0: Called Strike
1-1: Called Strike
1-2: Ball
2-2: Strikes out swinging
Batting: LHB Héctor Torres 0-0: Ball
1-0: Ground out U3 (Groundball, 3S)
Salvador Avilés to second
Batting: RHB Mike Greene 0-0: Called Strike
0-1: Foul Ball, location: 2F
0-2: Foul Ball, location: 2F
0-2: Foul Ball, location: 2F
0-2: Strikes out looking
Bottom of the 9th over - 0 run(s), 1 hit(s), 0 error(s), 1 left on base; Hogsmeade 6 - Harrisburg 4
This league is powered by Out of the Park Baseball, the baseball management simulation game for PC, Mac and Linux
Friday, January 22nd, 2016 - OOTP Baseball 16.9 Build 39